 Dungeon Crawl Stone Soup version 0.24-a0-504-gcfb02b9d07 (webtiles) character file.

Game seed: 18046879159486732735

1368 Debik the Geomancer (level 8, -2/43 HPs)
             Began as a Gargoyle Earth Elementalist on July 17, 2019.
             Was a Believer of Vehumet.
             Killed by divine providence
             ... invoked by an orc priest
              (12 damage)
             ... on level 7 of the Dungeon.
             The game lasted 00:12:49 (4510 turns).

Debik the Geomancer (Gargoyle Earth Elementalist)   Turns: 4510, Time: 00:12:50

Health: -2/43      AC:  9    Str: 11    XL:     8   Next: 65%
Magic:  12/17      EV:  6    Int: 19    God:    Vehumet [**....]
Gold:   269        SH:  0    Dex: 10    Spells: 10/19 levels left

rFire    . . .     SeeInvis .   a - +1 dagger (drain)
rCold    . . .     Gourm    .   (no shield)
rNeg     + . .     Faith    .   c - +0 robe
rPois    ∞         Spirit   .   q - +1 helmet
rElec    +         Reflect  .   (no cloak)
rCorr    .         Harm     .   (no gloves)
MR       .....                  (no boots)
Stlth    ++........             s - amulet of regeneration
HPRegen  0.54/turn              (no ring)
MPRegen  0.15/turn              (no ring)

@: marked, held
A: negative energy resistance 1, electricity resistance, unbreathing,
petrification resistance, rot immunity, AC +5
a: Renounce Religion


You were on level 7 of the Dungeon.
You worshipped Vehumet.
Vehumet was pleased with you.
You were very hungry.

You visited 1 branch of the dungeon, and saw 8 of its levels.

You collected 269 gold pieces.

Inventory:

Hand Weapons
 a - a +1 dagger of draining (weapon)
Missiles
 b - 22 stones (quivered)
Armour
 c - a +0 robe (worn)
 q - a +1 helmet (worn)
 u - a +4 ring mail of magic resistance
Jewellery
 n - an uncursed amulet of the gourmand
 s - an amulet of regeneration (around neck)
Scrolls
 e - a scroll of magic mapping {unknown}
 f - a scroll of fog
 g - 4 scrolls of remove curse
 k - 2 scrolls of identify
 l - a scroll of teleportation
 r - 2 scrolls of noise {unknown}
 t - a scroll of acquirement {unknown}
Potions
 h - a potion of agility {unknown}
 i - a potion of haste {unknown}
 j - 2 potions of lignification {unknown}
 m - 2 potions of heal wounds
 o - a potion of brilliance
 p - 2 potions of might {unknown}
Comestibles
 d - 10 rations


   Skills:
 + Level 1.2 Fighting
 + Level 2.2 Short Blades
 + Level 2.5 Dodging
 + Level 3.0 Stealth
 + Level 6.2 Spellcasting
 + Level 1.5 Conjurations
   Level 0.7 Transmutations
 + Level 8.5 Earth Magic


You had 10 spell levels left.
You knew the following spells:

 Your Spells              Type           Power        Failure   Level  Hunger
a - Sandblast             Erth           #####.       1%          1    None
d - Lee's Rapid Deconstr  Erth           #####.....   9%          5    #####..
e - Stone Arrow           Conj/Erth      ####..       4%          3    ##.....

Your spell library contained the following spells:

 Spells                   Type           Power        Failure   Level  Hunger
 Flame Tongue             Conj/Fire      #....        8%          1    None
 Passwall                 Tmut/Erth      ###.....     2%          2    None
 Petrify                  Tmut/Erth      ###.....     16%         4    ####...


Dungeon Overview and Level Annotations

Branches:
Dungeon (8/15)             Temple (0/1) D:7
   Lair: D:8-11

Altars:
Ashenzari
Makhleb
Trog
Vehumet
Zin

Annotations:
D:7 Harold
D:8 exclusion: ice statue


Innate Abilities, Weirdness & Mutations

You are resistant to torment.
Your stone body is resilient. (AC +5)
You are immune to poison.
You resist negative energy. (rN+)
You are resistant to electric shocks. (rElec)
You can survive without breathing.
You are immune to petrification.
You are immune to rotting.


Message History

An orc priest comes into view.
Harold gestures at you while chanting. The harpoon shot hits you!
You are yanked forward by the harpoon shot.
Harold casts a spell at you. The harpoon shot hits you.
You are yanked forward by the harpoon shot.
The orc warrior hits you from afar with a +0 halberd!!
* * * LOW HITPOINT WARNING * * *
An orc priest comes into view. It is wielding a +0 short sword.
Harold throws a throwing net.
The throwing net closely misses you.
There is an open door here.
Harold throws a throwing net.
The throwing net hits you.
You become entangled in the net!
You see here a throwing net.
You tear a large gash into the net.
An orc comes into view.
The orc priest invokes the aid of Beogh against you.
Beogh smites you!
You die...

### ### ###+###
#.####⌠(⌠####.#
#....#.>.#....#
######⌠@⌠######
###'### ###.###
#@# ## #o# .>##
#o#####...####
##oo........#..
##).............
##................


You could see Harold, an orc warrior, 2 orc priests and an orc.

Vanquished Creatures
  Grinder (D:3)
  2 phantoms
  An ogre (D:5)
  A centaur (D:8)
  A bullfrog (D:7)
  A scorpion (D:7)
  2 crimson imps (D:5)
  A bullfrog zombie (D:4)
  A jelly (D:8)
  An orc priest (D:3)
  A bullfrog skeleton (D:4)
  3 iguanas
  5 orc wizards
  Robin (D:3)
  10 adders
  6 oozes
  2 adder skeletons
  6 worms
  3 dart slugs
  6 leopard geckos
  14 orcs
  5 bats
  8 giant cockroaches
  15 goblins
  8 hobgoblins
  17 jackals
  9 kobolds
  4 quokkas
  A ball python (D:4)
  4 frilled lizards
  A giant cockroach zombie (D:5)
  A jackal skeleton (D:4)
  A quokka skeleton (D:4)
  12 rats
155 creatures vanquished.

Notes
Turn   | Place    | Note
-------+----------+-------------------------------------------
     0 | D:1      | Debik the Gargoyle Earth Elementalist began the quest for
                  | the Orb.
     0 | D:1      | Reached XP level 1. HP: 10/10 MP: 3/3
     1 | D:1      | Found a runed translucent door.
   166 | D:1      | Reached skill level 4 in Earth Magic
   166 | D:1      | Reached XP level 2. HP: 15/15 MP: 3/5
   592 | D:2      | Reached XP level 3. HP: 17/19 MP: 0/6
   597 | D:2      | Learned a level 3 spell: Stone Arrow
   918 | D:2      | Reached XP level 4. HP: 24/24 MP: 2/8
  1073 | D:2      | Reached skill level 5 in Earth Magic
  1526 | D:3      | Reached XP level 5. HP: 28/28 MP: 4/9
  1703 | D:3      | Noticed Grinder
  1721 | D:3      | Killed Grinder
  1721 | D:3      | Reached skill level 1 in Short Blades
  1721 | D:3      | Reached skill level 6 in Earth Magic
  1721 | D:3      | Reached XP level 6. HP: 20/33 MP: 5/12
  1889 | D:3      | Noticed Robin
  2025 | D:3      | Killed Robin
  2074 | D:3      | Learned a level 5 spell: Lee's Rapid Deconstruction
  2185 | D:3      | Reached XP level 7. HP: 37/37 MP: 13/13
  2256 | D:3      | Found a radiant altar of Vehumet.
  2274 | D:3      | Became a worshipper of Vehumet
  2678 | D:4      | Reached * piety under Vehumet
  2678 | D:4      | Offered knowledge of Flame Tongue by Vehumet.
  2781 | D:4      | Reached skill level 1 in Fighting
  2886 | D:4      | Found a glowing silver altar of Zin.
  3552 | D:5      | Entered Level 5 of the Dungeon
  3669 | D:5      | Reached skill level 5 in Spellcasting
  3702 | D:5      | Reached skill level 1 in Conjurations
  3702 | D:5      | Reached skill level 7 in Earth Magic
  3804 | D:5      | Reached XP level 8. HP: 43/43 MP: 3/16
  4015 | D:5      | Found a burning altar of Makhleb.
  4015 | D:5      | Noticed a balrug
  4019 | D:5      | Noticed a smoke demon
  4059 | D:5      | You fall into a shaft and drop 3 floors!
  4060 | D:8      | Noticed an ice statue
  4065 | D:8      | Found a shattered altar of Ashenzari.
  4243 | D:5      | Found a bloodstained altar of Trog.
  4339 | D:5      | You fall into a shaft and drop 3 floors!
  4344 | D:8      | Reached skill level 8 in Earth Magic
  4479 | D:7      | Reached ** piety under Vehumet
  4479 | D:7      | Noticed Harold
  4498 | D:7      | Found a staircase to the Ecumenical Temple.
  4510 | D:7      | Killed from afar by an orc priest

Levels and vault maps discovered:
D:1:      dpeg_arrival_caged_fury, layout_basic, minmay_misc_feat_five,
          st_stairs_14
D:2:      layout_basic
D:3:      layout_rooms, lemuel_doored_altar, uniq_grinder, uniq_robin
D:4:      layout_rooms, lemuel_crystal_altar, first_ration, corner_web_ring,
          skrybe_limestone_x, hangedman_decor_slide_cut, st_stairs_14
D:5:      layout_loops_corners, kennysheep_little_box,
          nicolae_ru_great_annihilating_truth, makhleb_altar_promises_db
D:6:      kennysheep_six_static_rooms, layout_basic, kennysheep_mini,
          tgw_fedhas, gammafunk_temple_overflow_elements, serial_shops, shop,
          minmay_manual_mares, uniq_blork_the_orc
D:7:      layout_cave_pods, gammafunk_temple_overflow_claw, temple_doors_e,
          uniq_harold
D:8:      minmay_separated_statues, layout_loops_ring,
          cheibrodos_ashenzari_chains, serial_shops, shop, uniq_psyche,
          uniq_pikel

Skill      XL: |  1  2  3  4  5  6  7  8 |
---------------+-------------------------+-----
Earth Magic    | 4 5 6 7 8 |  8.5
Spellcasting   | 3 4 5 6 |  6.2
Dodging        | 2 |  2.5
Short Blades   | 1 2 |  2.2
Fighting       | 1 |  1.2
Conjurations   | 1 |  1.5
Stealth        | 3 |  3.0
Transmutations | |  0.7

Action                   |  1- 3 |  4- 6 |  7- 9 || total
-------------------------+-------+-------+-------++-------
Melee: Dagger            |    21 |    65 |    28 ||   114
 Cast: Sandblast         |    36 |    61 |    75 ||   172
       Stone Arrow       |       |     5 |    28 ||    33
       Lee's Rapid Decon |       |       |     3 ||     3
  Use: Scroll            |       |       |     9 ||     9
       Potion            |       |       |     2 ||     2
 Stab: Sleeping          |       |     1 |       ||     1
  Eat: Chunk             |       |     5 |     9 ||    14
Armor: Robe              |     7 |    33 |    12 ||    52
Dodge: Dodged            |    20 |    73 |    44 ||   137

Table legend:
 A = Non-vault XP
 B = Vault XP
 C = Vault XP percentage of total XP
 D = Non-vault monster count
 E = Vault monster count
 F = Vault count percentage of total count
                 A         B        C        D         E       F
            +---------+---------+-------+---------+---------+-------
      Total |    1564 |     391 |  20.0 |     121 |      34 |  21.9
            +---------+---------+-------+---------+---------+-------
        D:1 |      27 |      63 |  70.0 |      14 |      21 |  60.0
        D:2 |     107 |       0 |   0.0 |      35 |       0 |   0.0
        D:3 |     179 |     314 |  63.7 |      29 |      12 |  29.3
        D:4 |     268 |      14 |   5.0 |      13 |       1 |   7.1
        D:5 |     552 |       0 |   0.0 |      18 |       0 |   0.0
        D:6 |      26 |       0 |   0.0 |       2 |       0 |   0.0
        D:7 |     244 |       0 |   0.0 |       8 |       0 |   0.0
        D:8 |     161 |       0 |   0.0 |       2 |       0 |   0.0
            +---------+---------+-------+---------+---------+-------
